 Dungeon Crawl Stone Soup version 0.29.1-1-gd02db69 (webtiles) character file.

Game seed: 5471811046812992594

2683 Kel the Cleaver (level 9, 0/121 HPs)
             Began as a Minotaur Berserker on Nov 23, 2022.
             Was an Elder of Trog.
             Slain by a steam dragon (7 damage)
             ... on level 7 of the Dungeon.
             The game lasted 00:14:08 (4795 turns).

Kel the Cleaver (Minotaur Berserker)                Turns: 4795, Time: 00:14:09

Health: 0/121      AC: 10    Str: 27    XL:     9   Next: 37%
Magic:  8/8        EV: 10    Int:  4    God:    Trog [****..]
Gold:   507        SH:  0    Dex:  9    Spells: 8/8 levels left

rFire   . . .      SeeInvis .   a - +0 hand axe
rCold   . . .      Faith    .   (no shield)
rNeg    . . .      Spirit   .   q - +0 scale mail
rPois   +          Reflect  .   (helmet restricted)
rElec   .          Harm     .   B - +0 cloak
rCorr   +          Rampage  .   (no gloves)
Will    .....                   k - +0 pair of boots
Stlth   ..........              d - amulet of regeneration
HPRegen 1.10/turn               i - ring of poison resistance
MPRegen 0.11/turn               j - ring of resist corrosion

@: berserking (expiring), very quick
A: horns 2, retaliatory headbutt
a: Renounce Religion, Berserk, Trog's Hand, Brothers in Arms


You were on level 7 of the Dungeon.
You worshipped Trog.
Trog was greatly pleased with you.
You visited 1 branch of the dungeon, and saw 7 of its levels.
You also visited: Sewer.

You collected 507 gold pieces.

Inventory:

Hand Weapons
 a - a +0 hand axe (weapon)
Armour
 k - a +0 pair of boots (worn)
 q - a +0 scale mail (worn)
 B - a +0 cloak (worn)
Jewellery
 d - an amulet of regeneration (around neck)
 f - a ring of protection from cold
 i - a ring of poison resistance (left hand)
 j - a ring of resist corrosion (right hand)
 E - a +6 ring of intelligence
Wands
 y - a wand of flame (11)
 A - a wand of digging (7)
Scrolls
 b - 2 scrolls of fog
 c - a scroll of enchant weapon
 e - 2 scrolls of teleportation
 h - 3 scrolls of poison {unknown}
 m - 2 scrolls of enchant armour
 n - 2 scrolls of identify
 w - a scroll of blinking
 x - 2 scrolls of fear {unknown}
 z - a scroll of summoning {unknown}
Potions
 g - 3 potions of might {unknown}
 l - a potion of haste
 o - 2 potions of heal wounds {unknown}
 p - 2 potions of berserk rage {unknown}
 r - 2 potions of cancellation {unknown}
 s - a potion of brilliance
 t - 2 potions of mutation
 u - 5 potions of flight
 v - 3 potions of magic {unknown}
 C - a potion of curing {unknown}
 D - a potion of invisibility {unknown}


   Skills:
 * Level 8.0 Fighting
 + Level 12.1 Axes
 * Level 7.5 Armour
 - Level 2.4 Dodging


You had 8 spell levels left.
You didn't know any spells.
Your spell library was empty.

Dungeon Overview and Level Annotations

Branches:
Dungeon (7/15)             Temple (0/1) D:4           Sewer (visited)

Altars:
Dithmenos
Sif Muna

Shops:
D:1 =   D:4 *

Annotations:
D:5 2 transporters, Lemonspray55555's ghost, amateur DgCj


Innate Abilities, Weirdness & Mutations

You have a pair of horns on your head.
You reflexively headbutt those who attack you in melee.


Message History

You are engulfed in a cloud of scalding steam.
* * * LOW HITPOINT WARNING * * *
The steam dragon breathes steam at you.
The ball of steam hits the steam dragon.
The steam dragon resists.
The steam dragon dies!
The steam dragon scales are intact enough to wear.
The ball of steam hits you!
* * * LOW HITPOINT WARNING * * *
You are engulfed in a cloud of scalding steam.
* * * LOW HITPOINT WARNING * * *
There is an open door, spattered with blood here.
Things that are here:
+0 steam dragon scales; a steam dragon corpse You feel a strong urge to attack something.
The orc wizard hits you but does no damage.
You see here a hornet corpse.
You slash the orc wizard!
You feel the power of Trog in you as your rage grows.
You kill the orc wizard!
Trog accepts your kill.
Trog appreciates your killing of a magic user.
You slash the steam dragon! You hit the steam dragon.
The steam dragon is heavily wounded.
The steam dragon bites you but does no damage.
The steam dragon closely misses you. The steam dragon breathes steam at you.
The ball of steam hits the steam dragon.
The steam dragon resists.
The ball of steam hits you!
* * * LOW HITPOINT WARNING * * *
You slash the steam dragon!
You kill the steam dragon!
Trog accepts your kill.
You are engulfed in a cloud of scalding steam.
Your Fighting skill increases to level 8!
You are engulfed in a cloud of scalding steam.
You feel a strong urge to attack something.
The steam dragon bites you!
You die...

### # #.+ ###...##
#......# #..#).#
#....§ ... #...###
.... #'#.#
...###.@)##
....##D.§#
#...#.#§##
#####...###..#
.............## ..
.........†.§.§#
............#.....#
#....##.##..#....§.#
#....##.##..##.....#


You could see a steam dragon (catching breath).

Vanquished Creatures
  Pikel (D:4)
  A hornet (D:7)
  Sigmund (D:5)
  Eustachio (D:5)
  A steam dragon (D:7)
  A black bear (D:6)
  2 ogres
  2 centaurs (D:6)
  A bullfrog (D:7)
  Blork the orc (D:5)
  2 necrophages
  3 scorpions
  2 howler monkeys
  A jelly (D:6)
  An orc priest (D:5)
  4 hounds
  3 iguanas
  4 orc wizards
  3 gnolls (D:4)
  13 adders
  2 river rats (Sewer)
  3 white imps
  An ufetubus (D:6)
  2 worms
  3 dart slugs
  11 orcs
  7 ball pythons
  7 endoplasms
  8 giant cockroaches
  2 goblins
  5 hobgoblins
  10 jackals
  4 kobolds
  5 quokkas
  12 bats
  4 frilled lizards
  10 rats
144 creatures vanquished.

Vanquished Creatures (others)
  A steam dragon (D:7)
  3 plants (D:4)
4 creatures vanquished.

Grand Total: 148 creatures vanquished

Notes
Turn   | Place    | Note
-------+----------+-------------------------------------------
     0 | D:1      | Kel the Minotaur Berserker began the quest for the Orb.
     0 | D:1      | Reached XP level 1. HP: 19/19 MP: 0/0
    86 | D:1      | Reached XP level 2. HP: 27/27 MP: 1/1
   103 | D:1      | Reached skill level 4 in Axes
   178 | D:1      | Reached ** piety under Trog
   320 | D:1      | Found Pycyz's Jewellery Shop.
   341 | D:1      | Reached XP level 3. HP: 30/33 MP: 2/2
   577 | D:2      | Found a faded altar of an unknown god.
   782 | D:2      | Reached skill level 5 in Axes
  1617 | D:3      | Reached XP level 4. HP: 40/40 MP: 3/3
  1650 | D:3      | Reached skill level 6 in Axes
  2072 | D:4      | Reached *** piety under Trog
  2086 | D:4      | Noticed a necrophage
  2096 | D:4      | Killed a necrophage
  2097 | D:4      | Reached skill level 7 in Axes
  2097 | D:4      | Reached XP level 5. HP: 39/46 MP: 4/4
  2118 | D:4      | Noticed an ogre
  2126 | D:4      | Killed an ogre
  2127 | D:4      | Reached XP level 6. HP: 48/52 MP: 5/5
  2131 | D:4      | Reached skill level 8 in Axes
  2165 | D:4      | Identified the +0 ring mail "Ovup" {rN+ Int+3}
  2208 | D:4      | Found a glowing drain.
  2236 | Sewer    | Entered a sewer
  2792 | D:4      | Reached skill level 9 in Axes
  2822 | D:4      | Found Ostru's Fire Supplies.
  2850 | D:4      | Found a staircase to the Ecumenical Temple.
  2964 | D:4      | Noticed Pikel
  2981 | D:4      | Killed Pikel
  2982 | D:4      | Reached skill level 11 in Axes
  2982 | D:4      | Reached XP level 7. HP: 50/58 MP: 6/6
  3286 | D:5      | Entered Level 5 of the Dungeon
  3336 | D:5      | Noticed Sigmund
  3354 | D:5      | Killed Sigmund
  3354 | D:5      | Reached **** piety under Trog
  3355 | D:5      | Reached XP level 8. HP: 41/67 MP: 7/7
  3381 | D:5      | Noticed Eustachio
  3409 | D:5      | Killed Eustachio
  3410 | D:5      | Reached skill level 5 in Fighting
  3500 | D:5      | Noticed Blork the orc
  3609 | D:5      | Killed Blork the orc
  3610 | D:5      | Reached skill level 5 in Armour
  3848 | D:5      | Noticed a hornet
  3850 | D:5      | Noticed Lemonspray55555's ghost (amateur DgCj)
  3873 | D:5      | Found a transporter.
  3878 | D:5      | Found a transporter.
  4221 | D:6      | Reached XP level 9. HP: 78/78 MP: 8/8
  4425 | D:6      | Found a shadowy altar of Dithmenos.
  4425 | D:6      | Found a shimmering blue altar of Sif Muna.
  4774 | D:7      | Reached skill level 12 in Axes
  4792 | D:7      | HP: 5/121 [steam dragon/ball of steam (17)]
  4795 | D:7      | Slain by a steam dragon

Illustrated notes

Levels and vault maps discovered:
D:1:      co_arrival_square_in_a_square_in_a_square, layout_basic, serial_shops,
          nicolae_square_shop
D:2:      layout_loops_corners, shapermc_ecumenical_altar_acropolis,
          minmay_strange_pillars
D:3:      layout_basic
D:4:      layout_loops_ring, minmay_temple_entry_overgrown,
          gup_sewer_entry_glass, grunt_decor_junction, nicolae_shop_fire_sale
          [nicolae_sub_dead_trees], uniq_pikel
D:5:      layout_cave_pools, gammafunk_ghost_hive, uniq_sigmund,
          uniq_blork_the_orc, uniq_eustachio
D:6:      layout_gridville, jmf_multi_god_temple
D:7:      minmay_slanted_spiral_squares, layout_gridville,
          nicolae_overflow_hidden_temple

Skill      XL: |  1  2  3  4  5  6  7  8  9 |
---------------+----------------------------+-----
Axes           | 4 5 7 11 12 | 12.1
Fighting       | 4 6 8 |  8.0
Armour         | 3 6 7 |  7.5
Dodging        | |  2.4

Action                   |  1- 3 |  4- 6 |  7- 9 || total
-------------------------+-------+-------+-------++-------
Melee: Hand axe          |   107 |   158 |   194 ||   459
       Headbutt          |    14 |    20 |    39 ||    73
       Punch             |       |       |     1 ||     1
Invok: Berserk           |       |     2 |     2 ||     4
  Use: Scroll            |       |    10 |       ||    10
Armor: Animal skin       |     5 |       |       ||     5
       Ring mail         |    21 |       |       ||    21
       Scale mail        |    14 |    92 |    87 ||   193
Dodge: Dodged            |    58 |    88 |    87 ||   233
